 Dungeon Crawl Stone Soup version 0.26-a0-639-g72c4674329 (webtiles) character file.

Game seed: 6233637874947213456

7534 MrRokkomies the Fighter (level 10, -5/92 HPs)
             Began as a Demigod Delver on Sept 16, 2020.
             Slain by a wraith (9 damage)
             ... led by Josephine
             ... on level 9 of the Dungeon.
             The game lasted 00:15:42 (10607 turns).

MrRokkomies the Fighter (Demigod Delver)           Turns: 10607, Time: 00:15:43

Health: -5/92      AC: 10    Str: 19    XL:     10   Next: 64%
Magic:  13/13      EV: 16    Int: 16    God:
Gold:   505        SH:  0    Dex: 17    Spells: 7/9 levels left

rFire    . . .     SeeInvis .   a - +1 scimitar (flame)
rCold    . . .     Faith    .   (no shield)
rNeg     + . .     Spirit   .   E - +4 Cigotuvi's embrace {rRot *Drain rN+}
rPois    +         Reflect  .   y - +1 helmet
rElec    .         Harm     .   j - +0 cloak
rCorr    .         Rampage  .   (no gloves)
MR       ++...                  (no boots)
Stlth    +++.......             (no amulet)
HPRegen  0.25/turn              G - ring of poison resistance
MPRegen  0.13/turn              l - ring of protection from magic

@: slowed, lightly drained, very slow
A: high mp 1
a: no special abilities


You were on level 9 of the Dungeon.
You visited 1 branch of the dungeon, and saw 10 of its levels.

You collected 505 gold pieces.

Inventory:

Hand Weapons
 a - a +1 scimitar of flaming (weapon)
 x - the +2 quarterstaff "Duochos" {spect, rElec}
   (You found it on level 7 of the Dungeon)

   It retains the spirit of the tree from which it was made.
   In the hands of one skilled in evocations this spirit is drawn out to fight
   along side the wielder.
   It insulates you from electricity.
 D - a +2 short sword of holy wrath
 L - a +1 great sword
Missiles
 m - 244 stones
 w - 18 boomerangs (quivered)
 I - 8 javelins
Armour
 b - a +0 leather armour
 j - a +0 cloak (worn)
 s - a scarf of repulsion
 y - a +1 helmet (worn)
 E - the +4 Cigotuvi's embrace (worn) {rRot *Drain rN+}
   (You took it off a gnoll on level 5 of the Dungeon)

   It protects you from negative energy.
   It causes draining when unequipped.
Jewellery
 i - a +6 ring of dexterity
 l - a ring of protection from magic (right hand)
 q - a +6 ring of intelligence
 G - a ring of poison resistance (left hand)
 K - an uncursed ring of flight
 N - an uncursed ring of see invisible
Wands
 g - a wand of digging (9)
 z - a wand of disintegration (6)
 B - a wand of acid (10)
 C - a wand of random effects (11)
 J - a wand of iceblast (8)
Scrolls
 c - 4 scrolls of fog
 d - 5 scrolls of magic mapping
 e - 3 scrolls of fear
 h - 8 scrolls of identify
 k - 5 scrolls of teleportation
 o - 3 scrolls of remove curse
 r - 2 scrolls of enchant armour
 O - a scroll of silence
 Q - a scroll of immolation
Potions
 f - 2 potions of haste
 n - 3 potions of degeneration
 p - 4 potions of might
 t - a potion of resistance
 u - 4 potions of brilliance
 v - a potion of stabbing
 A - 2 potions of magic
 F - 3 potions of heal wounds {unknown}
 H - 2 potions of cancellation {unknown}
 M - 2 potions of berserk rage {unknown}
 P - a potion of curing


   Skills:
 * Level 9.7(9.0) Fighting
 * Level 9.5(8.9) Long Blades
 - Level 5.0(4.4) Throwing
 + Level 6.7(6.1) Dodging
 - Level 4.6(4.0) Stealth


You had 7 spell levels left.
You knew the following spells:

 Your Spells              Type           Power        Failure   Level
a - Searing Ray           Conj           #.....       41%         2

Your spell library contained the following spells:

 Spells                   Type           Power        Failure   Level
 Apportation              Tloc           #.....       30%         1
 Magic Dart               Conj           #...         30%         1
 Dazzling Flash           Conj/Hex       #.....       65%         3
 Lesser Beckoning         Tloc           #.........   65%         3
 Tukima's Dance           Hex            #.......     65%         3
 Fulminant Prism          Conj/Hex       #.........   96%         4
 Iskenderun's Mystic Bla  Conj/Tloc      #.......     96%         4
 Alistair's Intoxication  Tmut/Pois      #........    100%        5
 Invisibility             Hex            #.......     100%        6


Dungeon Overview and Level Annotations

Branches:
Dungeon (10/15)            Temple (0/1) D:4
   Lair: D:8-11         Orc: D:9-12

Shops:
D:4 *   D:5 }

Annotations:
D:10 Josephine


Innate Abilities, Weirdness & Mutations

You have an increased reservoir of magic. (+10% MP)


Message History

The wraith drains your vigour!
You feel as though you will be slow longer.
The wraith hits you but does no damage.
Quiver which item? (- for none, * to show all) (? for menu, Esc to quit)
Okay, then.
You feel better. The wraith misses you. The wraith hits you but does no damage.
As you read the scroll of identify, it crumbles to dust.
p - 4 potions of might The wraith misses you.
You riposte.
You barely miss the wraith. The wraith hits you!
* * * LOW HITPOINT WARNING * * *
The wraith drains your vigour!
You feel as though you will be slow longer.
The wraith hits you.
* * * LOW HITPOINT WARNING * * *
The wraith closely misses you.
You riposte.
You slash the wraith! You burn the wraith.
The wraith is moderately damaged.
It was a potion of magic.
Magic courses through your body. The wraith hits you!
You die...

....#.#.####.######### #####.#.#
#.# ........# #.# #'####### #.#
..# #.# .##### #.# ########
.....# #.# #.......
.....#######.#############.......
.....##........W@W.......'.......
...>.##.####..############.......
........# ##.## #.......
.....#### #..# #....... ######
##.# ###'#### ..(()# #.## #.#
####)### #..## #.### <...)).#
##..# #...# .....).# ##.# ###.##


You could see 2 wraiths.

Vanquished Creatures
  Erica (D:8)
  2 two-headed ogres
  A faun (D:9)
  A cyclops (D:10)
  A troll (D:9)
  Prince Ribbit (D:8)
  A hippogriff (D:7)
  2 wraiths (D:10)
  A soldier ant (D:9)
  An ice beast (D:10)
  2 black bears
  2 ogres (D:10)
  5 sky beasts
  A necrophage (D:7)
  2 phantoms
  4 centaurs (D:9)
  Blork the orc (D:5)
  5 bullfrogs
  A wyvern zombie (D:8)
  3 scorpions
  4 wights (D:6)
  4 howler monkeys
  2 bullfrog zombies
  5 hounds
  3 jellies (D:7)
  10 orc wizards
  An orc priest (D:6)
  A bullfrog skeleton (D:7)
  13 worker ants
  Natasha (twice) (D:4)
  A hound zombie (D:6)
  A hound skeleton (D:4)
  13 adders
  14 gnolls
  2 white imps
  An ufetubus (D:7)
  An ooze (D:1)
  An adder skeleton (D:8)
  4 dart slugs
  3 leopard geckos
  31 orcs
  4 giant cockroaches
  7 goblins
  3 hobgoblins
  9 jackals
  3 quokkas
  A ball python (D:3)
  8 bats
  9 frilled lizards
  6 kobolds
  A leopard gecko skeleton (D:8)
  8 rats
214 creatures vanquished.

Vanquished Creatures (others)
  A jackal (D:3)
  A kobold (D:3)
  A rat (D:3)
3 creatures vanquished.

Grand Total: 217 creatures vanquished

Notes
Turn   | Place    | Note
-------+----------+-------------------------------------------
     0 | D:5      | MrRokkomies the Demigod Delver began the quest for the Orb.
     0 | D:5      | Reached XP level 1. HP: 18/18 MP: 3/3
    12 | D:5      | Found Suropem's Gadget Shop.
    19 | D:5      | Noticed a worker ant
   120 | D:4      | Noticed Natasha
   174 | D:4      | Reached XP level 2. HP: 16/26 MP: 4/4
   316 | D:4      | Noticed a scorpion
   340 | D:4      | Found a staircase to the Ecumenical Temple.
   439 | D:4      | Reached XP level 3. HP: 20/31 MP: 5/5
  1031 | D:2      | Reached XP level 4. HP: 38/38 MP: 6/6
  1923 | D:2      | Found a sparkling altar of Nemelex Xobeh.
  1942 | D:2      | You fall into a shaft and drop 2 floors!
  2954 | D:1      | Reached XP level 5. HP: 46/46 MP: 7/7
  3499 | D:3      | Found an opulent altar of Gozag.
  3705 | D:3      | Found a white marble altar of Elyvilon.
  4037 | D:4      | Reached XP level 6. HP: 31/53 MP: 8/8
  4094 | D:4      | Killed Natasha
  4266 | D:4      | Found Golutuet's Assorted Antiques.
  4318 | D:4      | Noticed Natasha
  4325 | D:4      | Killed Natasha
  4716 | D:5      | Noticed Blork the orc
  4736 | D:5      | Killed Blork the orc
  4740 | D:5      | Reached skill level 5 in Fighting
  5013 | D:5      | Reached XP level 7. HP: 61/61 MP: 9/9
  5089 | D:5      | Reached skill level 5 in Long Blades
  5895 | D:6      | Reached skill level 1 in Throwing
  6209 | D:6      | Reached XP level 8. HP: 70/70 MP: 10/10
  6223 | D:6      | Found a glowing silver altar of Zin.
  6467 | D:7      | Found a basalt altar of Yredelemnul.
  7321 | D:7      | Noticed a hippogriff
  7332 | D:7      | Killed a hippogriff
  7332 | D:7      | Reached skill level 5 in Dodging
  7332 | D:7      | Reached XP level 9. HP: 74/79 MP: 11/11
  7534 | D:7      | Got an ivory quarterstaff
  7535 | D:7      | Identified the cursed +2 quarterstaff "Duochos" {spect,
                  | rElec} (You found it on level 7 of the Dungeon)
  7667 | D:8      | Learned a level 2 spell: Searing Ray
  7779 | D:8      | Noticed Erica
  7790 | D:8      | Killed Erica
  7959 | D:8      | Noticed a two-headed ogre
  7968 | D:8      | Killed a two-headed ogre
  8290 | D:8      | Noticed Prince Ribbit
  8305 | D:8      | Killed Prince Ribbit
  9417 | D:9      | Noticed a two-headed ogre
  9422 | D:9      | Noticed a faun
  9422 | D:9      | a two-headed ogre changed into a faun
  9430 | D:9      | Killed a faun
  9430 | D:9      | Reached XP level 10. HP: 73/90 MP: 13/13
  9790 | D:9      | Noticed a two-headed ogre
  9800 | D:9      | Killed a two-headed ogre
 10129 | D:10     | Entered Level 10 of the Dungeon
 10140 | D:10     | Reached skill level 5 in Throwing
 10304 | D:10     | Noticed a cyclops
 10313 | D:10     | Killed a cyclops
 10585 | D:10     | Noticed Josephine
 10602 | D:9      | HP: 1/92 [wraith[Josephine] (9)]
 10607 | D:9      | Slain by a wraith

Illustrated notes

Levels and vault maps discovered:
D:1:      dpeg_arrival_rooms_c, layout_loops_ring, chequers_hall_statues_wall_a
D:2:      layout_basic, nemelex_altar_shiori
D:3:      layout_basic, lemuel_doored_altar, elyvilon_altar_4
D:4:      layout_loops_ring, minmay_temple_entry_from_below_a, serial_shops,
          shop, uniq_natasha
D:5:      layout_basic, serial_shops, kennysheep_mini_moat,
          minmay_fractal_squares_5, uniq_blork_the_orc
D:6:      layout_rooms, basic_altar, chequers_serial_rivers_marsh,
          kennysheep_doodads
D:7:      layout_gridville, yredelemnul_altar_generic
D:8:      layout_layer_cave, kennysheep_windowed_goal, uniq_erica,
          uniq_prince_ribbit1
D:9:      layout_roguey
D:10:     layout_irregular_city, chequers_jeans, nicolae_elemental_shop,
          uniq_josephine

Skill      XL: |  1  2  3  4  5  6  7  8  9 10 |
---------------+-------------------------------+-----
Fighting       | 3 4 5 6 7 8 9 |  9.7
Long Blades    | 2 3 4 5 7 8 9 |  9.5
Dodging        | 2 3 4 5 6 |  6.7
Throwing       | 1 3 4 5 |  5.0
Stealth        | |  4.6

Action                   |  1- 3 |  4- 6 |  7- 9 | 10-12 || total
-------------------------+-------+-------+-------+-------++-------
Melee: Falchion          |    53 |    84 |       |       ||   137
       Great sword       |       |    87 |   213 |       ||   300
       Scimitar          |       |       |    57 |   117 ||   174
Throw: Boomerang         |       |       |    13 |       ||    13
       Javelin           |       |       |     1 |       ||     1
Evoke: Wand              |       |       |     7 |     3 ||    10
  Use: Scroll            |       |    12 |     6 |     3 ||    21
       Potion            |       |     1 |       |     4 ||     5
 Stab: Sleeping          |     4 |    15 |    10 |     3 ||    32
Armor: Leather armour    |    10 |    35 |   119 |    56 ||   220
Dodge: Dodged            |    37 |   129 |   237 |   106 ||   509
       Repelled          |       |     1 |       |       ||     1
       Rpst.: Falchion   |    13 |    19 |       |       ||    32
       Great sword       |       |    27 |    57 |       ||    84
       Scimitar          |       |       |    18 |    33 ||    51

Table legend: (Time is in decaauts)
 A = Elapsed time spent in this place.
 B = Non-inter-level travel time spent in this place.
 C = Inter-level travel time spent in this place.
 D = Time resting spent in this place.
 E = Time spent auto-exploring this place.
 F = Levels seen in this place.
 G = Mean time per level.
                   A        B        C        D        E       F      G
               +--------+--------+--------+--------+--------+-----+--------+
         Total |  10770 |  10245 |    525 |    755 |   7596 |  10 | 1077.0 |
       Dungeon |  10770 |  10245 |    525 |    755 |   7596 |  10 | 1077.0 |
               +--------+--------+--------+--------+--------+-----+--------+

Top non-repeatable levels by time:
     D:8: 1648 daAuts
     D:2: 1511 daAuts
     D:4: 1301 daAuts
     D:5: 1300 daAuts
     D:7: 1166 daAuts
     D:9: 1127 daAuts
     D:3: 900 daAuts
     D:6: 859 daAuts
     D:1: 687 daAuts
    D:10: 266 daAuts
